 Dungeon Crawl Stone Soup version 0.30-a0-1112-gfb780f5df6 (webtiles) character file.

Game seed: 12119772976030101916

37401 benadryl the Devastator (level 13, -1/90 HPs)
             Began as a Green Draconian Conjurer on Apr 18, 2023.
             Was an Elder of Vehumet.
             Blown up by a cacodemon (32 damage)
             ... with a bolt of energy
             ... on level 5 of the Abyss on Apr 19, 2023.
             The game lasted 00:55:03 (22326 turns).

benadryl the Devastator (Green Draconian Conjurer) Turns: 22326, Time: 00:55:04

Health: -1/90      AC: 14    Str: 10      XL:     13   Next: 58%
Magic:  29/36      EV: 17    Int: 16 (19) God:    Vehumet [****..]
Gold:   1048       SH:  0    Dex: 10      Spells: 12/32 levels left

rFire   . . .      SeeInvis .    b - staff of conjuration
rCold   . . .      Faith    .    (no shield)
rNeg    . . .      Spirit   .    (body armour unavailable)
rPois   +          Reflect  .    (helmet restricted)
rElec   .          Rampage  .    D - +2 cloak
rCorr   .          Rage     9%   y - +1 pair of gloves of Nihasepn {Will+}
Will    +....                    p - +0 pair of boots
Stlth   ++                       k - amulet of regeneration
HPRegen 0.00/turn                h - ring of magical power
MPRegen 0.25/turn                m - +5 ring of evasion

@: sick, unable to drink
A: breathe noxious fumes, AC +8, unfitting armour, poison resistance,
cold-blooded, [berserk 2], [deterioration 2], [dopey 2], [frail 2], [inability
to drink after injury 2]
a: Breathe Noxious Fumes, Renounce Religion


You were on level 5 of the Abyss.
You worshipped Vehumet.
Vehumet was greatly pleased with you.
You visited 3 branches of the dungeon, and saw 15 of its levels.
You visited the Abyss 1 time.
You also visited: Sewer and Ice Cave.

You collected 1552 gold pieces.
You spent 504 gold pieces at shops.

Inventory:

Hand Weapons
 a - the +7 Throatcutter {drain, coup de grace}
   (You found it on level 6 of the Dungeon)
 g - a +0 dagger of venom
Missiles
 n - 10 curare-tipped darts
Armour
 p - a +0 pair of boots (worn)
 y - the +1 pair of gloves of Nihasepn (worn) {Will+}
   (You acquired it on level 8 of the Dungeon)

   Will:      It increases your willpower.
 D - a +2 cloak (worn)
Magical Staves
 b - a staff of conjuration (weapon)
 H - a staff of poison
Jewellery
 d - a ring of see invisible
 h - a ring of magical power (left hand)
 i - an amulet of the acrobat
 j - a ring of flight
 k - an amulet of regeneration (around neck)
 m - a +5 ring of evasion (right hand)
 E - a ring of willpower
 N - a ring of resist corrosion
Wands
 o - a wand of light (11)
 v - a wand of flame (16)
 A - a wand of mindburst (32)
 C - a wand of iceblast (5)
 J - a wand of digging (8)
 O - a wand of paralysis (7)
Scrolls
 c - 5 scrolls of teleportation
 q - 3 scrolls of blinking
 t - 2 scrolls of fear
 w - a scroll of enchant weapon {unknown}
 x - a scroll of silence
 B - a scroll of fog
 F - 2 scrolls of brand weapon
 K - 4 scrolls of amnesia
 R - a scroll of vulnerability
 S - a scroll of magic mapping {unknown}
 T - a scroll of enchant armour
Potions
 e - 10 potions of curing {@q1}
 f - 5 potions of haste
 l - 3 potions of flight
 s - 3 potions of attraction
 u - a potion of ambrosia
 z - 2 potions of cancellation
 I - 2 potions of might
 L - a potion of mutation {unknown}
 M - 2 potions of brilliance
 P - a potion of heal wounds
 Q - 2 potions of invisibility
 U - a potion of resistance {unknown}
Miscellaneous
 r - a lightning rod (4/4)


   Skills:
 - Level 10.0 Fighting
 - Level 11.7 Long Blades
 - Level 1.7 Dodging
 - Level 1.7 Stealth
 - Level 10.0 Spellcasting
 - Level 15.0 Conjurations
 - Level 5.0 Translocations
 * Level 1.5 Earth Magic


You had 12 spell levels left.
You knew the following spells:

 Your Spells              Type           Power      Damage    Failure   Level
a - Magic Dart            Conj           100%       1d8       0%          1
b - Searing Ray           Conj           100%       2d8       1%          2
c - Iskenderun's Mystic   Conj/Tloc      56%        2d12      1%          4
d - Fulminant Prism       Conj/Hex       24%        3d12      1%          4
e - Mephitic Cloud        Conj/Pois/Air  36%        N/A       1%          3
f - Iron Shot             Conj/Erth      25%        9d5       13%         6

Your spell library contained the following spells:

 Spells                   Type           Power      Damage    Failure   Level
 Airstrike                Air            4%         2d(1-17)  22%         4
 Lesser Beckoning         Tloc           48%        N/A       1%          2
 Dazzling Flash           Conj/Hex       96%        N/A       1%          3
 Iskenderun's Battlesphe  Conj           71%        2d12      1%          5
 Gell's Gravitas          Tloc           24%        N/A       3%          3
 Teleport Other           Tloc           24%        N/A       3%          3
 Spellforged Servitor     Conj/Summ      24%        N/A       63%         7
 Summon Forest            Summ/Tloc      8%         N/A       65%         5
 Eringya's Noxious Bog    Tmut/Pois      4%         N/A       96%         6
 Summon Hydra             Summ           4%         N/A       100%        7


Dungeon Overview and Level Annotations

Branches:
Dungeon (9/15)             Temple (1/1) D:6            Lair (5/5) D:8
 Shoals (0/4) Lair:3        Snake (0/4) Lair:3        Slime (0/5) Lair:4
    Orc (0/2) D:9           Sewer (visited)           IceCv (visited)

Altars:
Ashenzari
Cheibriados
Elyvilon
Fedhas
Hepliaklqana
Kikubaaqudgha
Makhleb
Nemelex Xobeh
Okawaru
Qazlal
Ru
Trog
Uskayaw
Vehumet
Wu Jian
Xom
Yredelemnul
Zin
Jiyva

Shops:
D:9 :

Annotations:
D:5 1 runed translucent door, Crazy Yiuf
D:7 2 transporters
Lair:5 1 runed translucent door, Geyrauw's ghost, journeyman GnRe


Innate Abilities, Weirdness & Mutations

You can breathe blasts of noxious fumes.
Your lurid green scales are hard. (AC +8)
You cannot fit into any form of body armour.
Your system is resistant to poisons. (rPois)
You are cold-blooded and may be slowed by cold attacks.
[You have an uncontrollable temper.]
[Your body often deteriorates upon taking damage.]
[You are very dopey. (Int -4)]
[You are very frail. (-20% HP)]
[You sometimes lose the ability to drink potions when taking damage.]


Message History

The great orb of eyes gazes at you.
You easily resist.
The great orb of eyes bites you but does no damage.
You feel ill.
The great orb of eyes attacks as you move away!
The great orb of eyes bites you.
The abyss shimmers again as the detected abyssal rune vanishes from your memory and reappears.
The lich gestures wildly while chanting.
The lich flickers and vanishes!
Deactivating autopickup; reactivate with Ctrl-A.
The great orb of eyes attacks as you move away!
The great orb of eyes misses you.
The great orb of eyes attacks as you move away!
The great orb of eyes bites you. The great orb of eyes gazes at you.
You resist with almost no effort.
You enter the shallow water.
Moving in this stuff is going to be slow.
Found a runelight.
You can drink potions again.
You feel ill. The great orb of eyes gazes at you.
You resist with almost no effort. The great orb of eyes gazes at you.
You easily resist.
You enter the shallow water.
Moving in this stuff is going to be slow.
The great orb of eyes gazes at you.
You easily resist.
You feel ill.
You enter the shallow water.
Moving in this stuff is going to be slow.
You are suddenly pulled into a different region of the Abyss!
The abyss shimmers again as the detected abyssal rune vanishes from your memory.
A cacodemon comes into view.
The cacodemon shouts!
The cacodemon gestures at you. The bolt of energy hits you!!
You feel threatened and lose the ability to drink potions!
You die...

##. .≈
..# #.
##..# ..
#.#.. .
#...#.###
#...#..#
#.....#
#.@...#
##..##..#
....#
.#.#.~~
.#.#~≈≈>#
## #
~♣~.~≈ .
#.#≈# .≈
##~2


You could see a cacodemon.

Vanquished Creatures
  A white draconian (IceCv)
  4 catoblepae (Lair:5)
  4 hydras
  A boulder beetle (Lair:4)
  5 death yaks (Lair:5)
  Sonja (Lair:1)
  2 manticores (Lair:5)
  10 elephants
  2 black mambas (Lair:2)
  2 ice statues (IceCv)
  3 cane toads
  7 rime drakes
  A kobold demonologist (D:9)
  9 komodo dragons
  A troll (D:9)
  2 polar bears
  A hornet (D:6)
  13 blink frogs
  Sigmund (D:6)
  A wyvern (D:8)
  38 yaks
  A ynoxinul (Abyss:5)
  4 basilisks
  11 water moccasins
  An orc warrior (D:9)
  3 sky beasts
  Duvessa (D:6)
  2 black bears
  2 ice beasts (D:6)
  3 centaurs
  7 kobold brigands
  2 phantoms (D:6)
  7 wolves
  Blork the orc (D:4)
  11 bullfrogs
  2 gnoll sergeants
  19 wights
  2 scorpions (D:5)
  Dowan (D:6)
  8 killer bees
  A lindwurm simulacrum (IceCv)
  A howler monkey (D:7)
  2 electric eels (D:7)
  4 orc priests
  4 hounds
  4 komodo dragon simulacra (IceCv)
  2 iguanas
  A jelly (D:7)
  7 orc wizards
  11 hell rats
  2 scorpion zombies (D:3)
  A hound zombie (D:3)
  4 adders
  4 acid dragon simulacra (IceCv)
  9 gnolls
  A river rat (D:3)
  A white imp (D:8)
  An ufetubus (D:7)
  12 steam dragon simulacra (IceCv)
  4 worms
  6 dart slugs
  61 orcs
  2 endoplasms (D:3)
  9 giant cockroaches
  7 goblins
  4 hobgoblins
  5 jackals
  17 kobolds
  10 quokkas
  9 ball pythons
  8 bats
  11 frilled lizards
  A giant cockroach zombie (D:3)
  3 rats (D:1)
  A butterfly (Lair:3)
427 creatures vanquished.

Vanquished Creatures (collateral kills)
  A komodo dragon (Lair:2)
  A water moccasin (Lair:2)
  A bullfrog (Lair:2)
3 creatures vanquished.

Vanquished Creatures (others)
  A bush (Lair:5)
  62 fulminant prisms
  25 fungi
  96 plants
184 creatures vanquished.

Grand Total: 614 creatures vanquished

Notes
Turn   | Place    | Note
-------+----------+-------------------------------------------
     0 | D:1      | benadryl the Draconian Conjurer began the quest for the
                  | Orb.
     0 | D:1      | Reached XP level 1. HP: 14/14 MP: 3/3
   145 | D:1      | Reached XP level 2. HP: 19/20 MP: 5/5
   541 | D:1      | Learned a level 2 spell: Searing Ray
   633 | D:1      | Reached XP level 3. HP: 26/26 MP: 2/7
   795 | D:1      | Found a faded altar of an unknown god.
  1616 | D:2      | Found an ancient bone altar of Kikubaaqudgha.
  2171 | D:3      | Found a basalt altar of Yredelemnul.
  2186 | D:3      | Reached XP level 4. HP: 31/33 MP: 9/9
  2243 | D:3      | Reached skill level 5 in Conjurations
  2339 | D:3      | Reached XP level 5. HP: 38/38 MP: 10/10
  2488 | D:3      | Reached skill level 6 in Conjurations
  2678 | D:3      | Found a glowing drain.
  2695 | Sewer    | Entered a sewer
  3011 | Sewer    | Reached XP level 6. HP: 38/45 MP: 11/11
  3641 | Sewer    | Reached skill level 7 in Conjurations
  4049 | D:3      | Found a blossoming altar of Fedhas.
  4052 | D:3      | Found an ornate altar of the Wu Jian Council.
  4289 | D:4      | Found a sacrificial altar of Ru.
  4441 | D:4      | Noticed Blork the orc
  4450 | D:4      | Killed Blork the orc
  4644 | D:4      | Your scales start taking on a lurid green colour.
  4644 | D:4      | Reached XP level 7. HP: 49/50 MP: 12/12
  4644 | D:4      | Gained mutation: Your system is resistant to poisons.
                  | (rPois) [Green Draconian growth]
  5194 | D:5      | Entered Level 5 of the Dungeon
  5202 | D:4      | Reached skill level 8 in Conjurations
  5774 | D:5      | Reached skill level 9 in Conjurations
  5836 | D:5      | Reached skill level 1 in Translocations
  5940 | D:5      | Reached XP level 8. HP: 57/57 MP: 13/13
  6318 | D:5      | Found a runed translucent door.
  6319 | D:5      | Noticed Crazy Yiuf
  6565 | D:6      | Found a staircase to the Ecumenical Temple.
  6584 | D:6      | Learned a level 4 spell: Iskenderun's Mystic Blast
  6585 | Temple   | Entered the Ecumenical Temple
  6769 | Temple   | Became a worshipper of Vehumet
  6902 | D:6      | Noticed a hornet
  6908 | D:6      | Killed a hornet
  6909 | D:6      | Reached skill level 5 in Translocations
  7407 | D:6      | Reached skill level 5 in Fighting
  7548 | D:6      | Noticed Sigmund
  7553 | D:6      | Noticed Dowan
  7555 | D:6      | Noticed Duvessa
  7563 | D:6      | Killed Sigmund
  7564 | D:6      | Reached XP level 9. HP: 72/74 MP: 3/14
  7568 | D:6      | Killed Dowan
  7569 | D:6      | Killed Duvessa
  7570 | D:6      | Reached skill level 10 in Conjurations
  7990 | D:6      | Found the +7 Throatcutter {drain, coup de grace}
  8020 | D:6      | Reached * piety under Vehumet
  8020 | D:6      | Offered knowledge of Sandblast by Vehumet.
  8296 | D:6      | Reached skill level 1 in Long Blades
  8598 | D:7      | Found a transporter.
  8603 | D:7      | Found a hide-covered altar of Uskayaw.
  8604 | D:7      | Noticed a white ugly thing
  8605 | D:7      | Noticed a white ugly thing
  8606 | D:7      | Found a transporter.
  8735 | D:7      | Found a snail-covered altar of Cheibriados.
  9137 | D:7      | Reached skill level 5 in Long Blades
  9952 | D:8      | Identified a scroll of acquirement
  9953 | D:8      | Acquired the +1 pair of gloves of Nihasepn {Will+}
 10078 | D:8      | Reached XP level 10. HP: 81/81 MP: 15/15
 10192 | D:8      | Offered knowledge of Shock by Vehumet.
 10480 | D:8      | Found a staircase to the Lair.
 10798 | Lair:1   | Entered Level 1 of the Lair of Beasts
 10826 | Lair:1   | Reached ** piety under Vehumet
 11228 | Lair:1   | Reached skill level 10 in Long Blades
 11240 | Lair:1   | Found an ancient bone altar of Kikubaaqudgha.
 11441 | Lair:1   | Noticed Sonja
 11449 | Lair:1   | Killed Sonja
 11656 | Lair:1   | Reached XP level 11. HP: 68/86 MP: 13/16
 11983 | Lair:2   | You fall into a shaft and drop 2 floors!
 12084 | Lair:2   | Found a frozen archway.
 12099 | IceCv    | Entered an ice cave
 12301 | IceCv    | Offered knowledge of Frozen Ramparts by Vehumet.
 12442 | IceCv    | Identified the ring "Leifap" {Fire Will- Dex+8}
 14374 | IceCv    | Noticed a white draconian
 14393 | IceCv    | Killed a white draconian
 14587 | Lair:2   | Reached *** piety under Vehumet
 14729 | Lair:2   | Reached skill level 10 in Fighting
 14733 | Lair:2   | Reached skill level 11 in Conjurations
 15004 | Lair:2   | Noticed a five-headed hydra
 15016 | Lair:2   | Killed a five-headed hydra
 15516 | Lair:3   | Offered knowledge of Mephitic Cloud by Vehumet.
 15517 | Lair:3   | Reached skill level 12 in Conjurations
 15518 | Lair:3   | Reached XP level 12. HP: 95/106 MP: 13/17
 15618 | Lair:3   | Found a staircase to the Shoals.
 15786 | Lair:3   | Reached skill level 13 in Conjurations
 16014 | Lair:3   | Found a staircase to the Snake Pit.
 16639 | Lair:4   | Noticed a boulder beetle
 16671 | Lair:4   | Reached **** piety under Vehumet
 16706 | Lair:3   | Upgraded the game from 0.30-a0-1103-g25895a7845 to
                  | 0.30-a0-1112-gfb780f5df6
 16827 | Lair:3   | Learned a level 4 spell: Fulminant Prism
 16831 | Lair:3   | Learned a level 3 spell: Mephitic Cloud
 16922 | Lair:4   | Killed a boulder beetle
 16923 | Lair:4   | Reached skill level 5 in Spellcasting
 17115 | Lair:4   | Identified the +4 chain mail "Ebeffywk" {rC+}
 17200 | Lair:4   | Acquired a staff of conjuration
 17405 | Lair:4   | Noticed a seven-headed hydra
 17414 | Lair:4   | Killed a seven-headed hydra
 17487 | Lair:4   | Found a viscous altar of Jiyva.
 17488 | Lair:4   | Found a staircase to the Slime Pits.
 17754 | Lair:5   | Entered Level 5 of the Lair of Beasts
 17850 | Lair:4   | Offered knowledge of Inner Flame by Vehumet.
 18381 | Lair:5   | Found a runed translucent door.
 18384 | Lair:5   | Identified the +6 trident of Foupuj {protect, Contam Int+4
                  | Dex+2}
 18384 | Lair:5   | Noticed Geyrauw's ghost (journeyman GnRe)
 18390 | Lair:5   | Noticed a catoblepas
 18422 | Lair:5   | Killed a catoblepas
 18772 | Lair:5   | Noticed a six-headed hydra
 18779 | Lair:5   | Noticed a four-headed hydra
 18788 | Lair:5   | Killed a six-headed hydra
 18797 | Lair:5   | Killed a four-headed hydra
 18798 | Lair:5   | Reached XP level 13. HP: 113/113 MP: 10/25
 19662 | Lair:5   | Reached skill level 10 in Spellcasting
 19831 | Lair:5   | Reached skill level 14 in Conjurations
 19904 | Lair:5   | Reached ***** piety under Vehumet
 19920 | Lair:5   | Offered knowledge of Airstrike by Vehumet.
 21310 | D:9      | Found Ynlabout's Book Emporium.
 21315 | D:9      | Bought a book of Power for 504 gold pieces
 21735 | D:9      | Reached skill level 15 in Conjurations
 21794 | D:9      | Found a staircase to the Orcish Mines.
 21954 | D:9      | Reached skill level 1 in Earth Magic
 22145 | D:9      | Learned a level 6 spell: Iron Shot
 22167 | Abyss:3  | Cast into level 3 of the Abyss (a wizard)
 22192 | Abyss:5  | Found a corrupted altar of Lugonu.
 22193 | Abyss:5  | Found a corrupted altar of Lugonu.
 22195 | Abyss:5  | Found a corrupted altar of Lugonu.
 22284 | Abyss:5  | Noticed a starcursed mass
 22314 | Abyss:5  | Noticed a lich
 22326 | Abyss:5  | Noticed a cacodemon
 22326 | Abyss:5  | Blown up by a cacodemon

Illustrated notes

Levels and vault maps discovered:
D:1:      saegor_arrival_simple_a, layout_loops_ring,
          dreamdust_ecumenical_altar_hidden_monk_grotto, serial_bayou_pond_d,
          minmay_pentomino_v2
D:2:      kennysheep_six_static_rooms, layout_loops_ring, basic_altar
D:3:      layout_loops_ring, nicolae_yredelemnul_corpse_copse, minitemple,
          cheibrodos_sewer_entry_sluice
D:4:      layout_basic, lemuel_tele_altar, uniq_blork_the_orc
D:5:      layout_cave_pools, uniq_crazy_yiuf_cottage
D:6:      layout_basic, minmay_temple_entry_arrows, serial_co_window_serial,
          co_window_paths_a, co_window_paths_a, co_window_paths_a,
          co_window_paths_a, co_window_paths_a, co_window_of_opportunity_a,
          co_window_paths_b, co_window_unsneaky_path_a, co_window_broadway_c,
          co_window_corner_ca, minmay_unpleasant_kobolds, uniq_duvessa,
          uniq_sigmund
D:7:      layout_cave_pods, mainiacjoe_overflow_brackets,
          gammafunk_temple_overflow_arena, serial_column_ruins,
          column_ruins_grid_3, column_ruins_open_medium, column_ruins_grid_3,
          column_ruins_open_tiny, column_ruins_grid_3, serial_bayou_lagoon_a,
          corexii_leaking_fountain
D:8:      layout_loops_cross, david_lair_shrubbed, kennysheep_generic_room_11
D:9:      layout_basic, hiddenorc1_lemuel, serial_shops,
          nicolae_shop_rolling_square, chequers_serial_rivers_small_b,
          minmay_three_doors
Temple:   nicolae_temple_slightly_damp_pantheon
Lair:1:   layout_roguey, basic_altar, st_stairs_12, uniq_sonja
Lair:2:   layout_concentric_octagons, nicolae_volcano_entry_s_turn,
          portal_ice_cave_entry_pillars_2, st_stairs_6, lemuel_fruit_tree
Lair:3:   layout_cave_pods, shoals_dummy_entry, dummy_snake_entry,
          lemuel_fruit_fields
Lair:4:   layout_regular_city, slime_entry_1, infiniplex_staircase_pool_2,
          serial_bayou_shore_b
Lair:5:   evilmike_catoblepas_cave, layout_cave_pods,
          ebering_ghost_funeral_grove
Abyss:5:  base: D:7, evilmike_abyss_exit_9, abyss_furniture_001,
          grunt_abyss_exit_deep_breaths, grunt_abyss_rune_wretched_hive,
          hangedman_illusive_loot, nicolae_abyss_rune_star_stuff,
          hangedman_illusive_loot, hangedman_abyss_rune_macabre_mess

Skill      XL: |  1  2  3  4  5  6  7  8  9 10 11 12 13 |
---------------+----------------------------------------+-----
Spellcasting   | 3 8 10 | 10.0
Conjurations   | 5 6 7 9 10 12 13 15 | 15.0
Translocations | 2 5 |  5.0
Fighting       | 5 10 | 10.0
Long Blades    | 7 11 | 11.7
Earth Magic    | 1 |  1.5
Dodging        | |  1.7
Stealth        | |  1.7

Action                     |  1- 3 |  4- 6 |  7- 9 | 10-12 | 13-15 || total
---------------------------+-------+-------+-------+-------+-------++-------
  Melee: Unarmed           |    14 |       |       |       |       ||    14
         Dagger            |   113 |    77 |    89 |       |       ||   279
         Tailslap          |    15 |     8 |    23 |    53 |    20 ||   119
         Punch             |     1 |       |     1 |     2 |     1 ||     5
         Long sword        |       |       |    63 |   319 |    37 ||   419
         Staff             |       |       |       |     7 |    34 ||    41
   Cast: Magic Dart        |    58 |    99 |    94 |    13 |    23 ||   287
         Searing Ray       |     1 |    12 |    13 |     1 |       ||    27
         Iskenderun's Myst |       |       |    28 |   120 |    58 ||   206
         Fulminant Prism   |       |       |       |    18 |    44 ||    62
         Mephitic Cloud    |       |       |       |     2 |     3 ||     5
Ability: Breathe Noxious F |       |       |       |     1 |       ||     1
  Evoke: Wand              |       |       |     3 |     4 |       ||     7
         Lightning rod     |       |       |       |     3 |       ||     3
    Use: Scroll            |     4 |     1 |     8 |     7 |     6 ||    26
         Potion            |       |       |     2 |     4 |     1 ||     7
   Stab: Sleeping          |     4 |     1 |     1 |       |       ||     6
         Distracted        |       |       |       |     1 |       ||     1
         Confused          |       |       |       |     2 |     1 ||     3
 Armour: Skin              |    49 |    28 |    84 |   107 |    24 ||   292
  Dodge: Dodged            |   100 |   202 |   251 |   373 |    94 ||  1020

Table legend: (Time is in decaauts)
 A = Elapsed time spent in this place.
 B = Non-inter-level travel time spent in this place.
 C = Inter-level travel time spent in this place.
 D = Time resting spent in this place.
 E = Time spent auto-exploring this place.
 F = Levels seen in this place.
 G = Mean time per level.
                   A        B        C        D        E       F      G
               +--------+--------+--------+--------+--------+-----+--------+
         Total |  22410 |  21399 |   1011 |   7956 |   8638 |  20 | 1120.5 |
       Dungeon |  10524 |  10192 |    332 |   2075 |   6363 |   9 | 1169.3 |
        Temple |    676 |    655 |     21 |    466 |    164 |   1 |  676.0 |
          Lair |   7544 |   6887 |    657 |   2807 |   2110 |   5 | 1508.8 |
         Abyss |    164 |    164 |      0 |     13 |      0 |   3 |   54.7 |
         Sewer |   1073 |   1073 |      0 |    738 |      0 |   1 | 1073.0 |
      Ice Cave |   2427 |   2427 |      0 |   1857 |      0 |   1 | 2427.0 |
               +--------+--------+--------+--------+--------+-----+--------+

Top non-repeatable levels by time:
  Lair:5: 2523 daAuts
   IceCv: 2427 daAuts
  Lair:4: 1511 daAuts
     D:6: 1386 daAuts
     D:9: 1341 daAuts
  Lair:3: 1305 daAuts
  Lair:1: 1255 daAuts
     D:1: 1173 daAuts
     D:4: 1168 daAuts
     D:3: 1164 daAuts
     D:8: 1153 daAuts
     D:7: 1135 daAuts
     D:5: 1089 daAuts
   Sewer: 1073 daAuts
  Lair:2: 949 daAuts
